 Dungeon Crawl Stone Soup version 0.21.0 (webtiles) character file.

835 AgrsvlyMoist the Cleaver (level 7, -13/56 HPs)
             Began as a Minotaur Gladiator on July 23, 2018.
             Was an Initiate of Qazlal.
             Mangled by a shadow (22 damage)
             ... created by the darkness of Dithmenos
             ... on level 4 of the Dungeon.
             The game lasted 00:58:34 (5116 turns).

AgrsvlyMoist the Cleaver (Minotaur Gladiator)       Turns: 5116, Time: 00:58:34

Health: -13/56     AC:  8    Str: 18    XL:     7   Next: 66%
Magic:  6/6        EV: 11    Int:  7    God:    Qazlal [......]
Gold:   159        SH:  0    Dex: 12    Spells: 6/6 levels left

rFire    + . .     SeeInvis .   r - +2 quarterstaff (chaos)
rCold    + + .     Gourm    .   (shield currently unavailable)
rNeg     . . .     Faith    .   u - +1 scale mail
rPois    +         Spirit   .   c - +0 hat
rElec    +         Reflect  .   s - +0 cloak {MR+}
rCorr    +         Harm     .   (no gloves)
MR       +....                  (no boots)
Stlth    ..........             (no amulet)
HPRegen  0.18/turn              l - ring of poison resistance
MPRegen  0.10/turn              d - ring of protection from cold

@: resistant, flying
A: retaliatory headbutt, horns 2
a: Renounce Religion


You were on level 4 of the Dungeon.
You worshipped Qazlal.
Qazlal was noncommittal.
You were very hungry.

You visited 2 branches of the dungeon, and saw 5 of its levels.

You collected 159 gold pieces.

Inventory:

Hand Weapons
 a - a +0 war axe
 h - a +1 scythe of protection
 j - a +1 dagger of holy wrath
 r - a +2 quarterstaff of chaos (weapon)
 t - a +0 mace of crushing
 y - a cursed +0 hand axe
Missiles
 E - a tomahawk (quivered)
Armour
 c - a +0 hat (worn)
 k - a +0 chain mail
 s - a +0 cloak of magic resistance (worn)
 u - a +1 scale mail (worn)
Jewellery
 d - a ring of protection from cold (right hand)
 l - a ring of poison resistance (left hand)
 x - an uncursed ring of wizardry
Wands
 b - a wand of acid (4)
 n - a wand of disintegration (10)
 p - a wand of random effects (8)
 C - a wand of iceblast (8)
 F - a wand of scattershot (3)
Scrolls
 e - a scroll of enchant armour
 g - 2 scrolls of remove curse
 i - a scroll of teleportation
 A - a scroll of amnesia {unknown}
Potions
 q - a potion of might
Comestibles
 f - 9 rations


   Skills:
 - Level 2.4 Fighting
 - Level 8.3 Axes
 * Level 7.1 Staves
 - Level 2.0 Throwing
 - Level 3.2 Dodging


You had 6 spell levels left.
You didn't know any spells.

Dungeon Overview and Level Annotations

Branches:
Dungeon (4/15)             Temple (1/1) D:4

Altars:
Ashenzari
Cheibriados
Dithmenos
Elyvilon
Fedhas
Hepliaklqana
Nemelex Xobeh
Qazlal
Sif Muna
Trog
Uskayaw
Vehumet
Wu Jian
Xom
Yredelemnul
Zin


Innate Abilities, Weirdness & Mutations

You reflexively headbutt those who attack you in melee.
You have a pair of horns on your head.


Message History

As you read the scroll labeled ZUARRI HYREAPP, it crumbles to dust.
You feel aware of your surroundings.
It was a scroll of magic mapping.
The shadow barely misses you. You furiously retaliate!
You headbutt the shadow, but do no damage.
You are too injured to fight recklessly!
The shadow slips into darkness.
The shadow flickers and vanishes!
Deactivating autopickup; reactivate with Ctrl-A.
The shadow strikes at you from the darkness!
Reactivating autopickup.
The shadow slips into darkness.
The shadow flickers and vanishes!
Deactivating autopickup; reactivate with Ctrl-A.
The shadow strikes at you from the darkness!
* * * LOW HITPOINT WARNING * * *
Reactivating autopickup.
You reach down and open the door.
The shadow hits you.
* * * LOW HITPOINT WARNING * * *
The shadow strikes at you from the darkness!
You die...

..............##.#
..............##.#
..............##.#####
.....................#
.....................#
.....................######
................W....##...#
...............{.....##...#######
..............##@######...#......
..............##.# ##...#.#####
......(........#.#####........###
#..............#..........#.#.#..
#[)..........÷............#†#.#.#
#.....#######.#...........#.#.#.#
')....#.....#.#...........#.#.#.#
###.###.###.#.#..#'###.####.#.#)#
#.....#†# #.#.#.>#.###.# #.#.#.#


You could see a shadow (inner flame).

Vanquished Creatures
  Sigmund (D:2)
  A shadow (D:4)
  A phantom (D:4)
  2 ogres (D:4)
  A centaur skeleton (D:3)
  Crazy Yiuf (D:2)
  2 orc wizards (D:4)
  Ijyb (D:3)
  An iguana (D:4)
  A worker ant (D:4)
  A howler monkey skeleton (D:4)
  10 adders
  An ooze (D:3)
  4 worms
  2 dart slugs (D:3)
  4 leopard geckos
  9 orcs
  3 giant cockroaches
  7 goblins
  10 hobgoblins
  15 jackals
  3 quokkas
  2 ball pythons
  8 bats
  4 frilled lizards
  7 kobolds
  8 rats
110 creatures vanquished.

Vanquished Creatures (others)
  5 toadstools (D:1)
5 creatures vanquished.

Grand Total: 115 creatures vanquished

Notes
Turn   | Place    | Note
-------+----------+-------------------------------------------
     0 | D:1      | AgrsvlyMoist the Minotaur Gladiator began the quest for the Orb.
     0 | D:1      | Reached XP level 1. HP: 18/18 MP: 0/0
   128 | D:1      | Reached skill level 4 in Axes
   161 | D:1      | Reached XP level 2. HP: 25/25 MP: 1/1
   894 | D:2      | Reached skill level 5 in Axes
   988 | D:2      | Reached XP level 3. HP: 3/30 MP: 2/2
  1568 | D:2      | Reached XP level 4. HP: 37/37 MP: 3/3
  1575 | D:2      | Reached skill level 6 in Axes
  1748 | D:2      | Found a snail-covered altar of Cheibriados.
  1884 | D:2      | Found a radiant altar of Vehumet.
  1924 | D:2      | Noticed Sigmund
  2141 | D:2      | Killed Sigmund
  2141 | D:2      | Reached skill level 8 in Axes
  2141 | D:2      | Reached XP level 5. HP: 25/42 MP: 4/4
  2340 | D:2      | Found a runed door.
  2535 | D:2      | Noticed Crazy Yiuf
  2539 | D:2      | Killed Crazy Yiuf
  2539 | D:2      | Reached XP level 6. HP: 41/50 MP: 5/5
  2900 | D:3      | Noticed Ijyb
  2901 | D:3      | Reached skill level 1 in Staves
  2914 | D:3      | Killed Ijyb
  2988 | D:3      | Found a blossoming altar of Fedhas.
  3709 | D:3      | Found a hazy altar of Hepliaklqana.
  3712 | D:3      | Found a hide-covered altar of Uskayaw.
  3825 | D:3      | Found a deep blue altar of Sif Muna.
  3827 | D:3      | Found a shattered altar of Ashenzari.
  3830 | D:3      | Found an ornate altar of the Wu Jian Council.
  3959 | D:4      | Found a staircase to the Ecumenical Temple.
  3965 | Temple   | Entered the Ecumenical Temple
  4127 | Temple   | Became a worshipper of Dithmenos the Shadowed
  4152 | Temple   | Fell from the grace of Dithmenos
  4152 | Temple   | Became a worshipper of Qazlal Stormbringer
  4337 | D:4      | Reached XP level 7. HP: 44/56 MP: 6/6
  4354 | D:4      | Reached skill level 5 in Staves
  4712 | D:4      | Noticed a basilisk
  4712 | D:4      | Noticed a two-headed ogre
  5089 | D:4      | Noticed a shadow
  5089 | D:4      | Noticed a shadow
  5089 | D:4      | Noticed a shadow
  5089 | D:4      | Noticed a shadow
  5096 | D:4      | Killed a shadow
  5116 | D:4      | Mangled by a shadow

Skill      XL: |  1  2  3  4  5  6  7 |
---------------+----------------------+-----
Axes           | 4 5 8 |  8.3
Staves         | 4 7 |  7.1
Fighting       | |  2.4
Throwing       | |  2.0
Dodging        | |  3.2

Action                   |  1- 3 |  4- 6 |  7- 9 || total
-------------------------+-------+-------+-------++-------
Melee: War axe           |    80 |    42 |       ||   122
       Headbutt          |     4 |    16 |     3 ||    23
       Quarterstaff      |       |    96 |    14 ||   110
Throw: Throwing net      |     7 |       |       ||     7
       Tomahawk          |       |     2 |     2 ||     4
Evoke: Wand              |       |     6 |    11 ||    17
  Use: Scroll            |     4 |       |     5 ||     9
       Potion            |     1 |     2 |     4 ||     7
  Eat: Chunk             |     2 |     9 |     1 ||    12
Armor: Leather armour    |    23 |       |       ||    23
       Chain mail        |       |    35 |       ||    35
       Scale mail        |       |    21 |     5 ||    26
Dodge: Dodged            |    52 |    60 |     8 ||   120
